 Dungeon Crawl Stone Soup version 0.26.1-11-gd32895ea62 (webtiles) character file.

Game seed: 7258196123955737928

2730 dtburroughs the Cleaver (level 9, 0/121 HPs)
             Began as a Minotaur Berserker on July 9, 2021.
             Was an Elder of Trog.
             Slain by Erica
             ... wielding a +0 scimitar of flaming
              (5 damage)
             ... on level 8 of the Dungeon.
             The game lasted 00:10:33 (6361 turns).

dtburroughs the Cleaver (Minotaur Berserker)        Turns: 6361, Time: 00:10:34

Health: 0/121      AC: 13    Str: 22    XL:     9   Next: 40%
Magic:  8/8        EV:  9    Int:  7    God:    Trog [****..]
Gold:   377        SH:  0    Dex: 10    Spells: 8/8 levels left

rFire    . . .     SeeInvis .   y - +0 battleaxe
rCold    . . .     Faith    .   (shield currently unavailable)
rNeg     . . .     Spirit   .   H - +0 plate armour
rPois    .         Reflect  .   (helmet restricted)
rElec    .         Harm     .   (no cloak)
rCorr    .         Rampage  .   (no gloves)
Will     ++...                  (no boots)
Stlth    ..........             (no amulet)
HPRegen  1.30/turn              (no ring)
MPRegen  0.11/turn              (no ring)

@: berserking (expiring), lethally poisoned (0 -> 0), regenerating, very quick
A: retaliatory headbutt, horns 2
a: Renounce Religion, Berserk, Trog's Hand, Brothers in Arms


You were on level 8 of the Dungeon.
You worshipped Trog.
Trog was greatly pleased with you.
You visited 1 branch of the dungeon, and saw 8 of its levels.

You collected 377 gold pieces.

Inventory:

Hand Weapons
 a - a +0 hand axe
 k - a +0 war axe
 q - a +0 flail
 x - a +1 flail of holy wrath
 y - a +0 battleaxe (weapon)
Armour
 p - a +3 scale mail
 H - a +0 plate armour (worn)
Jewellery
 o - an uncursed ring of protection from cold {unknown}
 r - an uncursed ring of see invisible {unknown}
 s - a +6 ring of strength {unknown}
 u - a +6 ring of intelligence {unknown}
 w - an uncursed ring of wizardry {unknown}
 D - an uncursed ring of magical power {unknown}
 F - an uncursed ring of stealth {unknown}
 I - a +4 ring of evasion {unknown}
 K - a cursed -4 ring of dexterity {unknown}
Wands
 E - a wand of iceblast (3)
 J - a wand of acid (5)
Scrolls
 b - 5 scrolls of teleportation {unknown}
 c - 2 scrolls of enchant weapon {unknown}
 d - 8 scrolls of remove curse {unknown}
 g - 3 scrolls of enchant armour {unknown}
 h - 9 scrolls of identify {unknown}
 j - 4 scrolls of magic mapping {unknown}
 m - a scroll of immolation {unknown}
 n - 2 scrolls of random uselessness {unknown}
 t - a scroll of blinking {unknown}
 v - 2 scrolls of fear {unknown}
 B - 2 scrolls of amnesia {unknown}
 G - a scroll of noise {unknown}
 L - a scroll of acquirement {unknown}
Potions
 e - 2 potions of attraction {unknown}
 f - 2 potions of heal wounds {unknown}
 i - 3 potions of brilliance {unknown}
 l - a potion of curing {unknown}
 z - a potion of degeneration {unknown}
 A - a potion of berserk rage {unknown}
 C - 4 potions of lignification {unknown}


   Skills:
 + Level 8.1 Fighting
 + Level 8.1 Axes
 + Level 7.7 Armour
 + Level 7.0 Dodging
 + Level 3.6 Evocations


You had 8 spell levels left.
You didn't know any spells.
Your spell library was empty.

Dungeon Overview and Level Annotations

Branches:
Dungeon (8/15)             Temple (0/1) D:4
   Lair: D:8-11

Altars:
Cheibriados
Fedhas
Kikubaaqudgha
Makhleb
Nemelex Xobeh
Okawaru
Qazlal
Sif Muna
Trog
Uskayaw
Yredelemnul
The Shining One

Annotations:
D:3 2 runed translucent doors, Ekaitz's ghost, amateur HOFE
D:8 Erica


Innate Abilities, Weirdness & Mutations

You reflexively headbutt those who attack you in melee.
You have a pair of horns on your head.


Message History

You hear some strange, mumbled words.
A bolt of poison appears from out of thin air!
The bolt of poison hits you.
You are more poisoned.
* * * LOW HITPOINT WARNING * * *
You slash something! You slash the hound!
You feel sick. The hound closely misses you. You furiously retaliate!
You headbutt the hound!
You kill the hound!
Trog accepts your kill. Something hits you but does no damage.
You closely miss something.
You feel sick. Something hits you but does no damage.
You completely miss something. Your headbutt misses something.
You feel sick.
You miss something. Your headbutt misses something.
You feel sick. Something hits you but does no damage.
You miss something. Something hits you but does no damage.
You miss something.
You feel sick.
You barely miss something. You headbutt something!!
You feel sick. Something hits you.
You die...

....... .#### ###.###
...... .# #.. # ( #.....
.. ###### ........#### ..
# #######
...##......###.#.#####§○§#
.............#.#...##☼§§°☼
......###{.........##§○§○°
#......@†........##§.○§°
#.....#####........###.§.#
..#.# #....##....#######
.. #....##.#..#..#8..... .
...#####.†.# #######
..........## ##§°○°☼
#####...#######☼°☼☼§
#....))..##☼○§§§
#..#####.##○○..§


There were no monsters in sight!

Vanquished Creatures
  Psyche (D:8)
  Maggie (D:6)
  3 orc warriors
  A black bear (D:8)
  3 ice beasts
  A sky beast (D:5)
  2 ogres
  5 bullfrogs
  A scorpion (D:5)
  2 hounds
  A quasit (D:5)
  A bullfrog skeleton (D:6)
  7 orc wizards
  A jelly (D:5)
  An orc priest (D:3)
  A gnoll shaman (D:7)
  3 iguanas
  3 worker ants
  A killer bee zombie (D:7)
  A hound zombie (D:7)
  11 adders
  3 gnolls (D:7)
  A white imp (D:4)
  An ooze (D:4)
  3 adder skeletons (D:4)
  A dart slug (D:1)
  A worm (D:3)
  6 leopard geckos
  25 orcs
  7 bats
  4 giant cockroaches
  6 goblins
  4 hobgoblins
  8 jackals
  6 kobolds
  7 quokkas
  8 frilled lizards
  2 jackal zombies
  A leopard gecko skeleton (D:7)
  7 rats
  2 rat zombies (D:8)
154 creatures vanquished.

Vanquished Creatures (others)
  An orc (D:8)
1 creature vanquished.

Grand Total: 155 creatures vanquished

Notes
Turn   | Place    | Note
-------+----------+-------------------------------------------
     0 | D:1      | dtburroughs the Minotaur Berserker began the quest for the
                  | Orb.
     0 | D:1      | Reached XP level 1. HP: 19/19 MP: 0/0
   272 | D:1      | Reached XP level 2. HP: 22/27 MP: 1/1
   661 | D:1      | Reached ** piety under Trog
   912 | D:2      | Reached XP level 3. HP: 26/33 MP: 2/2
  1498 | D:3      | Reached XP level 4. HP: 40/40 MP: 3/3
  1507 | D:3      | Found a large runed translucent door.
  1508 | D:3      | Found a large runed translucent door.
  1903 | D:3      | Found a basalt altar of Yredelemnul.
  1903 | D:3      | Noticed Ekaitz's ghost (amateur HOFE)
  2443 | D:4      | Reached XP level 5. HP: 22/47 MP: 4/4
  2673 | D:4      | Found a staircase to the Ecumenical Temple.
  2712 | D:4      | Found a hide-covered altar of Uskayaw.
  2721 | D:4      | Reached *** piety under Trog
  2929 | D:4      | You fall into a shaft and drop 3 floors!
  3012 | D:7      | Reached skill level 5 in Axes
  3014 | D:7      | Reached skill level 5 in Fighting
  3033 | D:7      | Reached XP level 6. HP: 56/56 MP: 5/5
  3042 | D:7      | Found a burning altar of Makhleb.
  3097 | D:5      | Entered Level 5 of the Dungeon
  3222 | D:5      | Found a snail-covered altar of Cheibriados.
  3234 | D:5      | Found an iron altar of Okawaru.
  3347 | D:5      | Found a glowing golden altar of the Shining One.
  3394 | D:5      | Noticed a sky beast
  3401 | D:5      | Killed a sky beast
  3532 | D:4      | Reached skill level 5 in Armour
  3930 | D:4      | Reached XP level 7. HP: 62/62 MP: 6/6
  4264 | D:5      | Found a blossoming altar of Fedhas.
  4380 | D:5      | Reached skill level 5 in Dodging
  4648 | D:5      | Found a shimmering blue altar of Sif Muna.
  4752 | D:6      | Found a stormy altar of Qazlal.
  4767 | D:6      | Noticed Maggie
  4774 | D:6      | Killed Maggie
  4775 | D:6      | Reached skill level 1 in Evocations
  4775 | D:6      | Reached XP level 8. HP: 64/71 MP: 7/7
  5046 | D:6      | Reached **** piety under Trog
  5345 | D:7      | Found a bloodstained altar of Trog.
  6109 | D:8      | Found an ancient bone altar of Kikubaaqudgha.
  6128 | D:8      | Found a sparkling altar of Nemelex Xobeh.
  6130 | D:8      | Noticed Psyche
  6133 | D:8      | Killed Psyche
  6134 | D:8      | Reached XP level 9. HP: 81/81 MP: 8/8
  6339 | D:8      | Noticed Erica
  6354 | D:8      | HP: 3/121 [something/bolt of poison (4)]
  6360 | D:8      | HP: 5/121 [poisoned by Erica (bolt of poison)]
  6361 | D:8      | Slain by Erica

Illustrated notes

Levels and vault maps discovered:
D:1:      heliophobic_arrival_enchanted_forest, layout_loops_ring
D:2:      layout_rooms
D:3:      minmay_door_path, layout_basic, yredelemnul_altar_generic,
          ebering_ghost_disaster_area
D:4:      layout_basic, eat_drink_and_be_merry_uskayaw, temple_statues
D:5:      layout_loops_ring, led_sif_pool, lemuel_round_altar,
          overflow_temple_1_default, old_standard_altar, general_overflow_altar,
          kennysheep_another_room
D:6:      layout_cave_pools, nicolae_overflow_crystal_walls, uniq_maggie
D:7:      layout_rooms, old_standard_altar, bloody_trog
D:8:      layout_rooms, nemelex_altar_shiori, ashenzari_altar_1,
          lemuel_zombie_altar_kikubaaqudgha, doesnt_xom_only_xom,
          nemelex_spade_bored_becter, uniq_erica, uniq_psyche

Skill      XL: |  1  2  3  4  5  6  7  8  9 |
---------------+----------------------------+-----
Armour         | 3 4 5 6 7 |  7.7
Axes           | 4 5 6 7 8 |  8.1
Fighting       | 4 5 6 7 8 |  8.1
Dodging        | 3 4 5 6 7 |  7.0
Evocations     | 1 3 |  3.6

Action                   |  1- 3 |  4- 6 |  7- 9 || total
-------------------------+-------+-------+-------++-------
Melee: Hand axe          |    42 |       |       ||    42
       Headbutt          |     7 |    12 |    33 ||    52
       War axe           |    29 |   136 |    86 ||   251
       Battleaxe         |       |       |    79 ||    79
Invok: Trog's Hand       |     1 |     3 |     6 ||    10
       Berserk           |       |     1 |     1 ||     2
Evoke: Wand              |       |       |     7 ||     7
Armor: Animal skin       |    20 |     2 |       ||    22
       Scale mail        |       |    64 |    47 ||   111
       Plate armour      |       |       |    55 ||    55
Dodge: Dodged            |    64 |   103 |    72 ||   239
